 Dungeon Crawl Stone Soup version 0.31.0-11-ge490571c62 (webtiles) character file.

Game seed: 4841923942851187629

765 qw the Skirmisher (level 7, -10/40 HPs)
             Began as a Deep Elf Hunter on Feb 4, 2024.
             Mangled by an ogre
             ... wielding a +0 giant spiked club
              (25 damage)
             ... on level 5 of the Dungeon.
             The game lasted 00:00:17 (3688 turns).

qw the Skirmisher (Deep Elf Hunter)                 Turns: 3688, Time: 00:00:17

Health: -10/40     AC:  6    Str: 10    XL:     7   Next: 52%
Magic:  9/9        EV: 11    Int: 14    God:
Gold:   148        SH:  0    Dex: 18    Spells: 6/6 levels left

rFire   . . .        a - +1 shortbow
rCold   . . .        (shield currently unavailable)
rNeg    . . .        k - +0 ring mail {rPois}
rPois   +            (no helmet)
rElec   .            (no cloak)
rCorr   .            f - +0 pair of gloves
SInv    .            (no boots)
Will    +....        (no amulet)
Stlth   +            h - ring of willpower
HPRegen 0.26/turn    (no ring)
MPRegen 0.11/turn

%: no passive effects
@: no status effects
A: no striking features
a: no special abilities


You were on level 5 of the Dungeon.
You visited 1 branch of the dungeon, and saw 5 of its levels.

You collected 232 gold pieces.
You spent 84 gold pieces at shops.


   Skills:
 - Level 2.2 Fighting
 + Level 11.5 Ranged Weapons
 - Level 1.0 Armour
 - Level 3.0 Dodging
 - Level 1.2 Stealth


You had 6 spell levels left.
You didn't know any spells.
Your spell library was empty.

Inventory:

Hand Weapons
 a - a +1 shortbow (weapon)
Armour
 f - a +0 pair of gloves (worn)
 k - a +0 ring mail of poison resistance (worn)
Jewellery
 h - a ring of willpower (left hand)
Scrolls
 b - 2 scrolls of teleportation
 d - a scroll of immolation {unknown}
Potions
 c - a potion of mutation
 e - 2 potions of curing
 i - a potion of haste

Dungeon Overview and Level Annotations

Branches:
Dungeon (5/15)
 Temple: D:4-7

Altars:
Vehumet
Zin
The Shining One

Shops:
D:2 ?

Annotations:
D:2 1 runed translucent door, Crazy Yiuf
D:3 Ijyb


Message History

A jelly comes into view.
You shoot an arrow. The arrow hits the jelly!
The jelly quivers.
The jelly is severely wounded.
You shoot an arrow. The arrow hits the jelly!
You kill the jelly!
You now have 148 gold pieces (gained 9).
Found 4 stones.
A hound comes into view.
You shoot an arrow. The arrow hits the hound!
The hound barks!
The hound is heavily wounded.
You shoot an arrow. The arrow hits the hound.
The hound is severely wounded.
You shoot an arrow. The arrow hits the hound.
The hound is almost dead.
You shoot an arrow. The arrow hits the hound!
You kill the hound!
You open the door.
There is an open door here.
Found a stone staircase leading down.
An ogre comes into view. It is wielding a +0 giant spiked club.
You shoot an arrow. The arrow barely misses the ogre.
The ogre shouts!
You shoot an arrow. The arrow hits the ogre.
The ogre is lightly wounded.
You shoot an arrow. The arrow hits the ogre!
The ogre is moderately wounded.
You shoot an arrow. The arrow closely misses the ogre.
You shoot an arrow.
The arrow hits the ogre but does no damage.
The ogre is moderately wounded.
The ogre hits you with a +0 giant spiked club!!
Ouch! That really hurt!
You shoot an arrow. The arrow closely misses the ogre.
You shoot an arrow. The arrow hits the ogre.
The ogre is heavily wounded.
The ogre hits you with a +0 giant spiked club!!
Ouch! That really hurt!
You die...

..... .>.. .... #..
... #.# ... #O# ....
#@# .....
###.######## ......
#........... .....#
#.#.######## .....#
#.#.# .....# #.#.#
.....# #.#'####
.....# #....(.#
.....#########......#


You could see an ogre.

Vanquished Creatures
  Sigmund (D:3)
  Edmund (D:5)
  A phantom (D:4)
  A howler monkey (D:4)
  2 hounds
  An orc priest (D:4)
  A jelly (D:5)
  Jessica (D:3)
  2 orc wizards
  Terence (D:3)
  8 adders
  4 dart slugs
  9 orcs
  2 endoplasms
  3 giant cockroaches
  6 goblins
  7 hobgoblins
  3 jackals (D:3)
  3 quokkas
  6 ball pythons
  4 bats
  5 frilled lizards
  5 kobolds
  7 rats
84 creatures vanquished.

Notes
Turn   | Place    | Note
-------+----------+-------------------------------------------
     0 | D:1      | qw the Deep Elf Hunter began the quest for the Orb.
     0 | D:1      | Reached XP level 1. HP: 12/12 MP: 3/3
     0 | D:1      | 0 ||| qw: Version: 0.3-a-160-g6735b56
     0 | D:1      | 0 ||| qw: Game counter: 6105
     0 | D:1      | 0 ||| qw: Melee chars always use a shield: true
     0 | D:1      | 0 ||| qw: God list: Okawaru
     0 | D:1      | 0 ||| qw: Allow faded altars: false
     0 | D:1      | 0 ||| qw: Do Orc after clearing Dungeon:15 true
     0 | D:1      | 0 ||| qw: Do second Lair branch before Depths: true
     0 | D:1      | 0 ||| qw: Lair rune preference: random
     0 | D:1      | 0 ||| qw: Goals: Normal
     0 | D:1      | 0 ||| PLANNING D:1-11
   149 | D:1      | Reached skill level 6 in Ranged Weapons
   149 | D:1      | Reached XP level 2. HP: 16/16 MP: 4/4
   547 | D:1      | 547 ||| UPGRADING to +0 ring mail.
   557 | D:1      | 557 ||| DROPPING +0 leather armour.
   558 | D:1      | 558 ||| UPGRADING to ring of willpower.
   559 | D:1      | 559 ||| READING 2 scrolls labelled EFACRE CIUTZUK.
   559 | D:1      | 559 ||| IDENTIFYING purple potion
   560 | D:1      | 560 ||| READING scroll of identify.
   560 | D:1      | 560 ||| IDENTIFYING 2 lumpy inky potions
   561 | D:1      | 561 ||| READING scroll labelled KEGEGG XIMN.
   565 | D:1      | 565 ||| DROPPING scroll of butterflies.
   566 | D:1      | 566 ||| DROPPING potion of attraction.
   584 | D:2      | 584 ||| STAIRDANCE
   740 | D:2      | Reached XP level 3. HP: 20/20 MP: 5/5
   883 | D:2      | Reached skill level 7 in Ranged Weapons
   992 | D:2      | Found a runed translucent door.
   993 | D:2      | Noticed Crazy Yiuf
  1249 | D:2      | Found Xaggiun's Magic Scroll Shoppe.
  1252 | D:2      | 1252 ||| BUYING 2 scrolls of teleportation (84 gold).
  1252 | D:2      | Bought 2 scrolls of teleportation for 84 gold pieces
  1252 | D:2      | 1252 ||| SHOPLISTING scroll of acquirement (728 gold, have
                  | 22).
  1252 | D:2      | 1252 ||| SHOPLISTING scroll of brand weapon (133 gold, have
                  | 22).
  1252 | D:2      | 1252 ||| SHOPLISTING scroll of identify (28 gold, have 22).
  1544 | D:2      | 1544 ||| UPGRADING to +0 pair of gloves.
  1549 | D:2      | 1549 ||| READING scroll labelled DIDGHU PASOIQ.
  1593 | D:3      | Noticed Terence
  1602 | D:3      | Killed Terence
  1603 | D:3      | Reached XP level 4. HP: 14/25 MP: 6/6
  1614 | D:3      | 1614 ||| FLEEEEING.
  1615 | D:3      | 1615 ||| FLEEEEING.
  1625 | D:3      | 1625 ||| FLEEEEING.
  1628 | D:3      | 1628 ||| FLEEEEING.
  1629 | D:3      | 1629 ||| FLEEEEING.
  1630 | D:3      | 1630 ||| FLEEEEING.
  1631 | D:3      | 1631 ||| FLEEEEING.
  1632 | D:3      | 1632 ||| FLEEEEING.
  1633 | D:3      | 1633 ||| FLEEEEING.
  1634 | D:3      | 1634 ||| STAIRDANCE
  1670 | D:3      | Noticed Sigmund
  1679 | D:3      | Killed Sigmund
  1680 | D:3      | Reached skill level 9 in Ranged Weapons
  1680 | D:3      | Reached XP level 5. HP: 14/29 MP: 7/7
  1830 | D:3      | Found a glowing silver altar of Zin.
  1894 | D:3      | Noticed Ijyb
  1895 | D:3      | Noticed Jessica
  1902 | D:3      | Killed Jessica
  1903 | D:3      | Reached XP level 6. HP: 15/35 MP: 8/8
  1904 | D:3      | HP: 7/35 [constriction (3)]
  1905 | D:3      | 1905 ||| READING 3 scrolls of teleportation.
  1905 | D:3      | HP: 1/35 [constriction (3)]
  1906 | D:3      | 1906 ||| DRINKING 2 potions of heal wounds.
  2040 | D:3      | HP: 7/35 [constriction (5)]
  2041 | D:3      | 2041 ||| READING 2 scrolls of teleportation.
  2041 | D:3      | HP: 2/35 [constriction (6)]
  2042 | D:3      | 2042 ||| DRINKING potion of heal wounds.
  2144 | D:3      | Found a glowing golden altar of the Shining One.
  2278 | D:3      | 2278 ||| DROPPING ring of wizardry.
  2279 | D:3      | 2279 ||| READING scroll labelled ONEILE KIABO.
  2279 | D:3      | 2279 ||| ENCHANTING +0 shortbow.
  2384 | D:4      | Reached skill level 10 in Ranged Weapons
  2956 | D:4      | Reached skill level 3 in Dodging
  3187 | D:4      | 3187 ||| UPGRADING to +0 ring mail of poison resistance.
  3197 | D:4      | 3197 ||| DROPPING +0 ring mail.
  3198 | D:4      | 3198 ||| READING 2 scrolls of identify.
  3198 | D:4      | 3198 ||| IDENTIFYING ruby potion
  3199 | D:4      | 3199 ||| READING scroll of identify.
  3199 | D:4      | 3199 ||| IDENTIFYING bubbling golden potion
  3200 | D:4      | 3200 ||| READING scroll labelled WUYLAS AFRYLITT.
  3201 | D:4      | 3201 ||| DRINKING 3 viscous white potions.
  3278 | D:5      | Entered Level 5 of the Dungeon
  3279 | D:5      | 3279 ||| STAIRDANCE
  3338 | D:5      | 3338 ||| STAIRDANCE
  3345 | D:4      | Reached XP level 7. HP: 35/40 MP: 9/9
  3370 | D:5      | Reached skill level 1 in Armour
  3370 | D:5      | Found a radiant altar of Vehumet.
  3397 | D:5      | 3397 ||| FLEEEEING.
  3398 | D:5      | 3398 ||| FLEEEEING.
  3399 | D:5      | 3399 ||| FLEEEEING.
  3400 | D:5      | 3400 ||| FLEEEEING.
  3401 | D:5      | 3401 ||| FLEEEEING.
  3402 | D:5      | 3402 ||| FLEEEEING.
  3403 | D:5      | 3403 ||| FLEEEEING.
  3405 | D:5      | 3405 ||| FLEEEEING.
  3407 | D:5      | 3407 ||| FLEEEEING.
  3408 | D:5      | 3408 ||| FLEEEEING.
  3409 | D:5      | 3409 ||| FLEEEEING.
  3411 | D:5      | 3411 ||| STAIRDANCE
  3546 | D:5      | Noticed Edmund
  3560 | D:5      | Killed Edmund
  3561 | D:5      | Reached skill level 11 in Ranged Weapons
  3688 | D:5      | Mangled by an ogre

Levels and vault maps discovered:
D:1:      ebering_trefoil_twist, layout_basic
D:2:      layout_basic, serial_shops, nicolae_shop_rolled_up,
          uniq_crazy_yiuf_cottage
D:3:      layout_rooms, tso_metal_star, general_overflow_altar, minivault_26,
          uniq_sigmund, uniq_ijyb, uniq_terence, uniq_jessica
D:4:      minmay_door_path, layout_cave_pods, kennysheep_nub
D:5:      layout_basic, mainiacjoe_overflow_tiny_flanked,
          minmay_temple_entry_offerings, uniq_edmund

Skill      XL: |  1  2  3  4  5  6  7 |
---------------+----------------------+-----
Ranged Weapons | 6 7 9 10 11 | 11.5
Fighting       | 2 |  2.2
Dodging        | 3 |  3.0
Armour         | 1 |  1.0
Stealth        | |  1.2

Action                     |  1- 3 |  4- 6 |  7- 9 || total
---------------------------+-------+-------+-------++-------
   Fire: Shortbow          |   112 |   160 |    58 ||   330
    Use: Scroll            |     4 |     6 |       ||    10
         Potion            |       |     3 |       ||     3
 Armour: Leather armour    |     7 |       |       ||     7
         Ring mail         |    18 |    46 |    28 ||    92
  Dodge: Dodged            |    26 |    44 |    11 ||    81

Table legend:
 A = Non-vault XP
 B = Vault XP
 C = Vault XP percentage of total XP
 D = Non-vault monster count
 E = Vault monster count
 F = Vault count percentage of total count
                 A         B        C        D         E       F
            +---------+---------+-------+---------+---------+-------
      Total |     615 |     479 |  43.8 |      78 |       6 |   7.1
            +---------+---------+-------+---------+---------+-------
        D:1 |      22 |       0 |   0.0 |      13 |       0 |   0.0
        D:2 |      57 |       0 |   0.0 |      22 |       0 |   0.0
        D:3 |      48 |     293 |  85.9 |      15 |       3 |  16.7
        D:4 |     335 |      15 |   4.3 |      21 |       2 |   8.7
        D:5 |     153 |     171 |  52.8 |       7 |       1 |  12.5
            +---------+---------+-------+---------+---------+-------
